 Dungeon Crawl Stone Soup version 0.30.0-29-ga12c61a403 (webtiles) character file.

Game seed: 6574312853865757966

952 qw the Chopper (level 8, -12/49 HPs)
             Began as a Gargoyle Fighter on June 3, 2023.
             Was an Initiate of Okawaru.
             Mangled by an ogre
             ... wielding a +0 giant club
              (25 damage)
             ... on level 5 of the Dungeon.
             The game lasted 00:02:26 (4371 turns).

qw the Chopper (Gargoyle Fighter)                   Turns: 4371, Time: 00:02:27

Health: -12/49     AC: 12    Str: 22    XL:     8   Next: 14%
Magic:  8/8        EV: 10    Int:  9    God:    Okawaru [......]
Gold:   198        SH:  4    Dex:  9    Spells: 7/7 levels left

rFire   . . .        Y - +1 war axe
rCold   . . .        c - +0 buckler
rNeg    + . .        b - +0 scale mail
rPois   inf          (no helmet)
rElec   +            (no cloak)
rCorr   .            (no gloves)
SInv    .            (no boots)
Will    +....        a - amulet of the acrobat Stlth
                     e - ring of willpower
HPRegen 0.28/turn    (no ring)
MPRegen 0.11/turn

%: acrobat
@: no status effects
A: sickness immunity, AC +5, negative energy resistance 1, electricity
resistance, torment resistance 1, petrification resistance
a: Renounce Religion


You were on level 5 of the Dungeon.
You worshipped Okawaru.
Okawaru was noncommittal.
You visited 1 branch of the dungeon, and saw 5 of its levels.

You collected 198 gold pieces.


Innate Abilities, Weirdness & Mutations

You are immune to sickness and miasma.
Your stone body is resilient. (AC +5)
You are immune to poison.
You resist negative energy. (rN+)
You are resistant to electric shocks. (rElec)
You are resistant to unholy torment.
You are immune to petrification.


   Skills:
 - Level 5.1 Fighting
 + Level 7.5 Axes
 - Level 3.2 Armour
 - Level 1.6 Dodging
 - Level 3.2 Shields


You had 7 spell levels left.
You didn't know any spells.
Your spell library was empty.

Inventory:

Hand Weapons
 p - a +3 flail of draining
 Y - a +1 war axe (weapon)
Armour
 b - a +0 scale mail (worn)
 c - a +0 buckler (worn)
Jewellery
 a - an amulet of the acrobat (around neck)
 e - a ring of willpower (left hand)
 h - a +6 ring of intelligence
Scrolls
 k - a scroll of identify
 l - a scroll of teleportation
 m - a scroll of vulnerability {unknown}
Potions
 d - a potion of might
 f - a potion of mutation
 g - 3 potions of lignification {unknown}
 i - 4 potions of curing
 j - a potion of cancellation {unknown}
 n - a potion of invisibility {unknown}

Dungeon Overview and Level Annotations

Branches:
Dungeon (5/15)             Temple (0/1) D:4

Altars:
Okawaru
Uskayaw
Wu Jian
Xom


Message History

You open the door.
Found a hide-covered altar of Uskayaw.
Enter note:
Enter note:
There is an open door here.
There is a hide-covered altar of Uskayaw here.
There is an open door here.
Found 7 stones.
Enter note:
Enter note: An ogre comes into view. It is wielding a +0 giant club.
Found 13 gold pieces.
The ogre shouts!
Enter note:
Enter note: You hit the ogre but do no damage.
You block the ogre's attack.
You barely miss the ogre. The ogre hits you with a +0 giant club!
You hit the ogre.
The ogre is lightly wounded.
You barely miss the ogre.
The ogre is lightly wounded.
The ogre closely misses you.
You hit the ogre.
The ogre is moderately wounded.
The ogre hits you with a +0 giant club!
You hit the ogre.
The ogre is heavily wounded.
You block the ogre's attack.
You completely miss the ogre.
The ogre is heavily wounded.
You barely miss the ogre.
The ogre is heavily wounded.
The ogre hits you with a +0 giant club!
You hit the ogre but do no damage.
The ogre is heavily wounded.
The ogre hits you with a +0 giant club!!
Ouch! That really hurt!
You die...

# ..$. #+## ....
#... ..... # #
....( ..####
...... #.....
......###
#######.....
......O.#
##........... #@##
#...######### #..#
#..##(..##..#
##.###..#(#.#.##..
#......#((#...#._
#####..#(#(#.##..
#..##((.##..#
#...#########
##...........
############


You could see an ogre.

Vanquished Creatures
  Edmund (D:4)
  A black bear (D:4)
  A sky beast (D:4)
  2 phantoms
  Blork the orc (D:4)
  2 hounds (D:5)
  A jelly (D:4)
  Jessica (D:2)
  A sleepcap (D:4)
  Terence (D:2)
  Natasha (thrice) (D:3)
  2 gnolls (D:4)
  5 adders
  A white imp (D:3)
  5 worms
  2 dart slugs
  6 orcs
  2 ball pythons
  8 endoplasms
  5 giant cockroaches
  11 goblins
  11 hobgoblins
  7 jackals
  7 quokkas
  6 bats
  3 frilled lizards
  11 kobolds
  3 rats
110 creatures vanquished.

Notes
Turn   | Place    | Note
-------+----------+-------------------------------------------
     0 | D:1      | qw the Gargoyle Fighter began the quest for the Orb.
     0 | D:1      | Reached XP level 1. HP: 14/14 MP: 1/1
     0 | D:1      | 0 ||| qw: Version: 0.2-a-103-g5a998e5
     0 | D:1      | 0 ||| qw: Game counter: 1115
     0 | D:1      | 0 ||| qw: Always use a shield: true
     0 | D:1      | 0 ||| qw: God list: Okawaru
     0 | D:1      | 0 ||| qw: Allow faded altars: false
     0 | D:1      | 0 ||| qw: Do Orc after D:15 true
     0 | D:1      | 0 ||| qw: Do second Lair branch before Depths: true
     0 | D:1      | 0 ||| qw: Lair rune preference: random
     0 | D:1      | 0 ||| qw: Plans: Normal, Zot:1-4, Slime:5, God:TSO, Crypt,
                  | Tomb, Pan, Hells, Abyss, Win
     0 | D:1      | 0 ||| PLANNING D:1-11
    37 | D:1      | Reached skill level 2 in Axes
   201 | D:1      | 201 ||| Stepping ~*~*~tactically~*~*~ (hiding).
   205 | D:1      | 205 ||| Stepping ~*~*~tactically~*~*~ (hiding).
   209 | D:1      | Reached XP level 2. HP: 19/19 MP: 2/2
   822 | D:1      | 822 ||| UPGRADING to ring of willpower.
   823 | D:1      | 823 ||| READING scroll labelled PEONKUNT ORUOV.
   824 | D:1      | 824 ||| READING scroll labelled GUISUTR NIMASM.
   825 | D:1      | 825 ||| READING scroll labelled AKLUEZ DAEXURU.
   825 | D:1      | Identified a scroll of acquirement
   825 | D:1      | 825 ||| ACQUIRING amulet of the acrobat
   825 | D:1      | Acquired an amulet of the acrobat
   827 | D:1      | 827 ||| UPGRADING to amulet of the acrobat.
   864 | D:2      | Reached skill level 3 in Axes
   913 | D:2      | Reached XP level 3. HP: 23/23 MP: 3/3
   913 | D:2      | Noticed Terence
   916 | D:2      | 916 ||| Stepping ~*~*~tactically~*~*~ (stealth).
   923 | D:2      | Killed Terence
   952 | D:2      | 952 ||| Stepping ~*~*~tactically~*~*~ (stealth).
   953 | D:2      | 953 ||| Stepping ~*~*~tactically~*~*~ (stealth).
  1034 | D:2      | 1034 ||| Stepping ~*~*~tactically~*~*~ (stealth).
  1053 | D:2      | Reached XP level 4. HP: 25/28 MP: 4/4
  1099 | D:2      | Found an ornate altar of the Wu Jian Council.
  1120 | D:2      | Reached skill level 4 in Axes
  1186 | D:2      | 1186 ||| Stepping ~*~*~tactically~*~*~ (stealth).
  1209 | D:2      | Noticed Jessica
  1211 | D:2      | 1211 ||| FLEEEEING.
  1212 | D:2      | 1212 ||| FLEEEEING.
  1213 | D:2      | 1213 ||| FLEEEEING.
  1214 | D:2      | 1214 ||| FLEEEEING.
  1220 | D:2      | Killed Jessica
  1328 | D:2      | Reached XP level 5. HP: 32/32 MP: 5/5
  1595 | D:2      | 1595 ||| READING scroll labelled UMYACWOURPH.
  1596 | D:2      | 1596 ||| READING scroll labelled MELUIGRUFF.
  1600 | D:2      | 1600 ||| DRINKING 3 bubbling dark potions.
  1609 | D:2      | 1609 ||| DRINKING 2 coppery potions.
  1610 | D:2      | 1610 ||| DROPPING 2 potions of ambrosia.
  1611 | D:2      | 1611 ||| DROPPING potion of degeneration.
  1646 | D:3      | Noticed Natasha
  1663 | D:3      | Killed Natasha
  1752 | D:3      | Noticed Natasha
  1753 | D:3      | 1753 ||| Stepping ~*~*~tactically~*~*~ (hiding).
  1754 | D:3      | 1754 ||| Stepping ~*~*~tactically~*~*~ (hiding).
  1755 | D:3      | 1755 ||| Stepping ~*~*~tactically~*~*~ (hiding).
  1756 | D:3      | 1756 ||| Stepping ~*~*~tactically~*~*~ (hiding).
  1764 | D:3      | Killed Natasha
  1765 | D:3      | Reached skill level 5 in Axes
  1805 | D:3      | 1805 ||| Stepping ~*~*~tactically~*~*~ (hiding).
  2086 | D:3      | Found an iron altar of Okawaru.
  2087 | D:3      | 2087 ||| PLANNING OKAWARU WORSHIP
  2087 | D:3      | 2087 ||| DRINKING 2 green potions.
  2088 | D:3      | 2088 ||| DROPPING potion of flight.
  2088 | D:3      | Noticed Natasha
  2089 | D:3      | 2089 ||| Stepping ~*~*~tactically~*~*~ (stealth).
  2091 | D:3      | 2091 ||| Stepping ~*~*~tactically~*~*~ (hiding).
  2092 | D:3      | 2092 ||| Stepping ~*~*~tactically~*~*~ (hiding).
  2095 | D:3      | Killed Natasha
  2096 | D:3      | Reached XP level 6. HP: 38/38 MP: 6/6
  2200 | D:3      | Became a worshipper of Warmaster Okawaru
  2200 | D:3      | 2200 ||| PLANNING D:1-11
  2205 | D:3      | 2205 ||| DROPPING +0 club.
  2367 | D:3      | 2367 ||| Stepping ~*~*~tactically~*~*~ (hiding).
  2383 | D:3      | 2383 ||| Stepping ~*~*~tactically~*~*~ (stealth).
  2418 | D:3      | 2418 ||| Stepping ~*~*~tactically~*~*~ (stealth).
  2457 | D:3      | 2457 ||| Stepping ~*~*~tactically~*~*~ (stealth).
  2463 | D:3      | 2463 ||| Stepping ~*~*~tactically~*~*~ (stealth).
  2475 | D:3      | 2475 ||| Stepping ~*~*~tactically~*~*~ (stealth).
  2741 | D:3      | 2741 ||| DRINKING 4 golden potions.
  2742 | D:3      | 2742 ||| DRINKING 2 amethyst potions.
  2743 | D:3      | 2743 ||| READING 2 scrolls of identify.
  2743 | D:3      | 2743 ||| IDENTIFYING yellow potion
  2744 | D:3      | 2744 ||| DROPPING potion of brilliance.
  2809 | D:4      | 2809 ||| Stepping ~*~*~tactically~*~*~ (hiding).
  2819 | D:4      | Noticed a sky beast
  2848 | D:4      | Killed a sky beast
  2849 | D:4      | Reached skill level 6 in Axes
  2849 | D:4      | Reached XP level 7. HP: 23/43 MP: 7/7
  2928 | D:4      | Found a staircase to the Ecumenical Temple.
  3221 | D:4      | Noticed Blork the orc
  3228 | D:4      | Killed Blork the orc
  3261 | D:4      | Found an ornate altar of the Wu Jian Council.
  3386 | D:4      | 3386 ||| Stepping ~*~*~tactically~*~*~ (hiding).
  3393 | D:4      | 3393 ||| Stepping ~*~*~tactically~*~*~ (hiding).
  3395 | D:4      | 3395 ||| Stepping ~*~*~tactically~*~*~ (hiding).
  3423 | D:4      | 3423 ||| Stepping ~*~*~tactically~*~*~ (stealth).
  3437 | D:4      | Reached skill level 7 in Axes
  3477 | D:4      | 3477 ||| FLEEEEING.
  3478 | D:4      | 3478 ||| FLEEEEING.
  3480 | D:4      | 3480 ||| FLEEEEING.
  3482 | D:4      | 3482 ||| FLEEEEING.
  3483 | D:4      | 3483 ||| FLEEEEING.
  3484 | D:4      | 3484 ||| FLEEEEING.
  3485 | D:4      | 3485 ||| FLEEEEING.
  3486 | D:4      | 3486 ||| FLEEEEING.
  3487 | D:4      | 3487 ||| FLEEEEING.
  3488 | D:4      | 3488 ||| FLEEEEING.
  3489 | D:4      | 3489 ||| FLEEEEING.
  3490 | D:4      | 3490 ||| FLEEEEING.
  3491 | D:4      | 3491 ||| FLEEEEING.
  3492 | D:4      | 3492 ||| FLEEEEING.
  3493 | D:4      | 3493 ||| FLEEEEING.
  3595 | D:4      | Reached skill level 1 in Dodging
  3644 | D:4      | Noticed Edmund
  3645 | D:4      | 3645 ||| Stepping ~*~*~tactically~*~*~ (stealth).
  3653 | D:4      | Killed Edmund
  3654 | D:4      | Reached XP level 8. HP: 18/49 MP: 8/8
  3767 | D:4      | 3767 ||| DROPPING +0 mace.
  4054 | D:4      | 4054 ||| READING scroll labelled REAGGUNWUPA.
  4055 | D:4      | 4055 ||| READING scroll labelled GUIMIG OCVUIL.
  4056 | D:4      | 4056 ||| READING scroll labelled UDOYTS WELYDD.
  4082 | D:5      | Entered Level 5 of the Dungeon
  4288 | D:5      | Found a shimmering altar of Xom.
  4320 | D:5      | Noticed a +0 short sword
  4320 | D:5      | Noticed a +0 dagger
  4328 | D:5      | Found a hide-covered altar of Uskayaw.
  4328 | D:5      | Noticed a +0 short sword
  4328 | D:5      | Noticed a +0 spear
  4329 | D:5      | Noticed a +0 falchion
  4329 | D:5      | Noticed a +0 dagger
  4330 | D:5      | Noticed a +0 falchion
  4331 | D:5      | Noticed a +0 spear
  4371 | D:5      | Mangled by an ogre

Levels and vault maps discovered:
D:1:      lightli_arrival_boilingwater, layout_loops_ring
D:2:      minmay_evil_eye, layout_basic, basic_altar, uniq_terence, uniq_jessica
D:3:      layout_rooms, okawaru_ov_weapons_minmay, minmay_misc_feat_ornament,
          minmay_joined_circles, uniq_natasha
D:4:      layout_basic, nzn_wu_jian_contemplation,
          minmay_temple_entry_offerings, uniq_edmund, uniq_blork_the_orc
D:5:      nicolae_cairo_tiling_large, layout_rooms, overflow_temple_1_default,
          nicolae_uskayaw_en_pointe

Skill      XL: |  1  2  3  4  5  6  7 |
---------------+----------------------+-----
Axes           | 2 3 4 5 6 7 |  7.5
Fighting       | 4 5 |  5.1
Dodging        | 1 |  1.6
Armour         | |  3.2
Shields        | |  3.2

Action                     |  1- 3 |  4- 6 |  7- 9 || total
---------------------------+-------+-------+-------++-------
  Melee: War axe           |   116 |   198 |    98 ||   412
    Use: Scroll            |     3 |     3 |     3 ||     9
         Potion            |       |     5 |       ||     5
 Armour: Scale mail        |    81 |   112 |    36 ||   229
  Dodge: Dodged            |    51 |    77 |    46 ||   174
  Block: Buckler           |    22 |    28 |    17 ||    67

Table legend:
 A = Non-vault XP
 B = Vault XP
 C = Vault XP percentage of total XP
 D = Non-vault monster count
 E = Vault monster count
 F = Vault count percentage of total count
                 A         B        C        D         E       F
            +---------+---------+-------+---------+---------+-------
      Total |     814 |     547 |  40.2 |      86 |      24 |  21.8
            +---------+---------+-------+---------+---------+-------
        D:1 |      28 |       0 |   0.0 |      14 |       0 |   0.0
        D:2 |      54 |      90 |  62.5 |      23 |       5 |  17.9
        D:3 |     135 |     201 |  59.8 |      23 |      17 |  42.5
        D:4 |     497 |     256 |  34.0 |      19 |       2 |   9.5
        D:5 |     100 |       0 |   0.0 |       7 |       0 |   0.0
            +---------+---------+-------+---------+---------+-------
